 Dungeon Crawl Stone Soup version 0.20-a0-507-gc86f373 (webtiles) character file.

40457 polly the Blocker (level 14, -4/92 HPs)
             Began as a Gargoyle Fighter on Jan 22, 2017.
             Was the Champion of Okawaru.
             Killed by divine providence
             ... invoked by a meliai
              (10 damage)
             ... on level 15 of the Dungeon.
             The game lasted 01:11:29 (17786 turns).

polly the Blocker (Gargoyle Fighter)               Turns: 17786, Time: 01:11:30

Health: -4/92      AC: 40    Str: 25    XL:     14   Next: 11%
Magic:  13/14      EV: 11    Int:  8    God:    Okawaru [******]
Gold:   582        SH: 16    Dex: 10    Spells: 8/13 levels left

rFire    . . .     SeeInvis +   Y - +2 morningstar (protect)
rCold    . . .     Gourm    .   l - +0 plate armour
rNeg     + . .     Faith    .   c - +0 shield
rPois    ∞         Spirit   .   K - +2 helmet
rElec    +         Reflect  .   E - +2 cloak {+Inv}
rCorr    .         Harm     .   M - +0 pair of gloves
MR       +....                  b - +0 pair of boots {Fly}
Stlth    ..........             G - amulet of rage
Regen    0.3/turn               w - ring of see invisible
                                q - +3 ring of protection

@: heroism
A: big wings, negative energy resistance 1, electricity resistance, unbreathing,
petrification resistance, rot immunity, AC +9
a: Fly, Heroism, Finesse, Renounce Religion, Evoke Berserk Rage, Evoke
Invisibility, Evoke Flight


You were on level 15 of the Dungeon.
You worshipped Okawaru.
Okawaru was exalted by your worship.
You were not hungry.

You visited 3 branches of the dungeon, and saw 17 of its levels.
You also visited: Bailey.

You collected 752 gold pieces.
You spent 170 gold pieces at shops.

Inventory:

Hand Weapons
 Y - a +2 morningstar of protection (weapon)
Armour
 b - a +0 pair of boots of flying (worn)
 c - a +0 shield (worn)
 l - a +0 plate armour (worn)
 E - a +2 cloak of invisibility (worn)
 K - a +2 helmet (worn)
 M - a +0 pair of gloves (worn)
 P - a +0 hat of intelligence
Jewellery
 a - an uncursed ring of stealth
 q - a +3 ring of protection (left hand)
 u - an uncursed ring of protection from cold
 w - a ring of see invisible (right hand)
 G - an amulet of rage (around neck)
 W - an uncursed ring of protection from magic
Wands
 k - a wand of paralysis (3/24)
 n - a wand of iceblast (6/15)
 y - a wand of disintegration (0/24)
 J - a wand of random effects (31/48)
 O - a wand of acid (3/15)
 R - a wand of random effects (18/48)
 T - a wand of flame (25/48)
 V - a wand of confusion (23/48)
Scrolls
 e - a scroll of vulnerability {unknown}
 g - 9 scrolls of remove curse
 h - a scroll of summoning {unknown}
 r - 2 scrolls of magic mapping
 s - 4 scrolls of amnesia
 t - 3 scrolls of fog
 v - 2 scrolls of immolation {unknown}
 x - 4 scrolls of enchant weapon
 z - 2 scrolls of enchant armour {unknown}
 C - a scroll of identify
 D - a scroll of fear {unknown}
 L - 3 scrolls of noise {unknown}
Potions
 o - 3 potions of cancellation
 A - 2 potions of berserk rage
 B - a potion of beneficial mutation {unknown}
 F - a potion of cure mutation {unknown}
 H - 2 potions of haste {unknown}
 N - a potion of ambrosia {unknown}
 Q - 2 potions of lignification
 U - a potion of mutation {unknown}
Books
 i - a book of Battle

   Spells                             Type                      Level
   a - Infusion                       Charms                       1
   b - Shroud of Golubria             Charms/Translocation         2
   c - Song of Slaying                Charms                       2
   d - Spectral Weapon                Hexes/Charms                 3
   e - Regeneration                   Charms/Necromancy            3
 I - a book of Cantrips

   Spells                             Type                      Level
   a - Confusing Touch                Hexes                        1
   b - Animate Skeleton               Necromancy                   1
   c - Summon Small Mammal            Summoning                    1
   d - Apportation                    Translocation                1
Miscellaneous
 S - a phial of floods (inert)
Comestibles
 d - 7 meat rations
 f - 8 bread rations
 j - 6 royal jellies


   Skills:
 * Level 12.5(17.5) Fighting
 + Level 12.9(17.9) Maces & Flails
 * Level 10.9(15.9) Armour
 + Level 3.2(8.2) Dodging
 + Level 14.5(19.5) Shields
 + Level 0.2 Invocations
 - Level 0.1 Evocations


You had 8 spell levels left.
You knew the following spells:

 Your Spells              Type           Power        Failure   Level  Hunger
a - Regeneration          Chrm/Necr      #.........   100%        3    ####...
b - Song of Slaying       Chrm           #.......     100%        2    ###....


Dungeon Overview and Level Annotations

Branches:
Dungeon (15/15)            Temple (1/1) D:4            Lair (0/6) D:11
    Orc (1/2) D:9          Vaults (0/5) D:14
 Depths: D:15

Altars:
Ashenzari
Cheibriados
Dithmenos
Elyvilon
Fedhas
Gozag
Hepliaklqana
Kikubaaqudgha
Makhleb
Nemelex Xobeh
Okawaru
Qazlal
Ru
Sif Muna
Trog
Uskayaw
Vehumet
Xom
Yredelemnul
Zin
The Shining One

Shops:
D:6 ?   D:14 *


Innate Abilities, Weirdness & Mutations

You are resistant to torment.
Your stone body is resilient. (AC +9)
You are immune to poison.
Your large and strong wings let you fly indefinitely.
You resist negative energy. (rN+)
You are resistant to electric shocks. (rElec)
You can survive without breathing.
You are immune to petrification.
You are immune to rotting.


Message History

The blast of calcifying dust hits you!
The dire elephant is engulfed in calcifying dust.
The dire elephant is moving more slowly.
You block the dire elephant's attack. The dire elephant barely misses you.
The dire elephant is engulfed in calcifying dust.
The dire elephant stops moving altogether!
The catoblepas breathes a plume of calcifying dust at you.
The blast of calcifying dust hits you!
The dire elephant is engulfed in calcifying dust.
The dire elephant is engulfed in calcifying dust.
The dire elephant is engulfed in calcifying dust.
The catoblepas breathes a plume of calcifying dust at you.
The blast of calcifying dust hits you!
The catoblepas gores you but does no damage.
There is a stone staircase leading up here.
You block the meliai's attack. The meliai misses you. The catoblepas gores you.
* * * LOW HITPOINT WARNING * * *
The meliai mumbles some strange prayers to its god against you.
Something smites you!
You die...

### ...# ..##### ... N≈.#.≈......
### ##Y..#(. #... ###.###'####..#
#..#...#...#..# #†.#.≈.#.≈.#..#
#######...#...#..################
..(.(............................
.(((((........cy@Y..Y............
..((..............§..............
..###############################
..# ..# ..# ..# ..# ..


You could see a dire elephant (petrified), a catoblepas, a meliai and a centaur.

Vanquished Creatures
  Gastronok (D:10)
  A hydra (D:10)
  5 vault guards
  6 two-headed ogres
  2 tengu warriors (D:14)
  4 centaur warriors
  A deep elf knight (D:14)
  The ghost of Kaletam the Shield-Bearer, a novice DDFi of Okawaru (D:8)
  An unseen horror (D:14)
  Pikel (D:7)
  A wizard (D:14)
  An orc knight (Bailey)
  A wolf spider zombie (D:14)
  2 deep elf magi (D:13)
  A wolf spider (D:15)
  2 manticores
  4 cyclopes
  2 centaur zombies
  A naga mage (D:15)
  4 gargoyles
  2 efreet (D:14)
  A komodo dragon (D:13)
  A freezing wraith (D:15)
  A kobold demonologist (D:12)
  A tengu conjurer (D:14)
  7 trolls
  A meliai (D:15)
  2 hornets
  4 slime creatures (D:11)
  4 hippogriffs
  2 shadows
  A wraith (D:11)
  22 yaks
  A vampire (D:9)
  A wyvern (D:12)
  A basilisk (D:14)
  2 hungry ghosts
  3 acid dragons
  Duvessa (D:7)
  2 water moccasins
  5 ice beasts
  11 orc warriors
  A sky beast (D:9)
  A black bear (D:8)
  2 necrophages
  An eye of draining (D:14)
  2 phantoms
  6 ogres
  8 centaurs
  2 wolves
  2 big kobolds
  The ghost of Shayle the Sneak, an amateur SpEn (D:3)
  11 bullfrogs
  A wyvern zombie (D:13)
  Dowan (D:7)
  A wyvern skeleton (D:12)
  4 scorpions
  10 killer bees
  3 electric eels (D:11)
  6 wights
  4 howler monkeys
  A jelly (D:10)
  5 crimson imps
  13 orc priests
  15 orc wizards
  A bullfrog skeleton (D:9)
  2 centaur skeletons
  10 hounds
  Crazy Yiuf (D:7)
  7 iguanas
  11 worker ants
  A hound zombie (D:11)
  Robin (D:4)
  A worker ant zombie (D:9)
  8 gnolls
  A howler monkey skeleton (D:9)
  13 adders
  3 shadow imps
  5 oozes
  An adder zombie (D:8)
  An adder skeleton (D:7)
  5 worms
  8 leopard geckos
  52 orcs
  A ball python (D:2)
  4 giant cockroaches
  17 goblins
  13 hobgoblins
  5 jackals
  2 quokkas (D:2)
  8 bats
  5 frilled lizards
  13 kobolds
  A leopard gecko skeleton (D:4)
  A quokka skeleton (D:10)
  8 rats
429 creatures vanquished.

Vanquished Creatures (collateral kills)
  A meliai (D:15)
1 creature vanquished.

Vanquished Creatures (others)
  2 slaves (D:7)
  An orc (D:7)
  A giant cockroach (D:3)
  A jackal (D:7)
  A quokka (D:3)
6 creatures vanquished.

Grand Total: 436 creatures vanquished

Notes
Turn   | Place    | Note
-------+----------+-------------------------------------------
     0 | D:1      | polly the Gargoyle Fighter began the quest for the Orb.
     0 | D:1      | Reached XP level 1. HP: 14/14 MP: 1/1
     6 | D:1      | Noticed a hog
     6 | D:1      | Noticed a black bear
     6 | D:1      | Noticed an anaconda
     6 | D:1      | Noticed a swamp drake
   120 | D:1      | Reached XP level 2. HP: 13/19 MP: 2/2
   402 | D:1      | Reached XP level 3. HP: 23/24 MP: 3/3
   827 | D:2      | Reached skill level 4 in Shields
   918 | D:2      | Reached XP level 4. HP: 27/29 MP: 4/4
  1592 | D:3      | Noticed Shayle's ghost (amateur SpEn)
  1615 | D:3      | Reached XP level 5. HP: 28/33 MP: 5/5
  1629 | D:3      | Killed Shayle's ghost
  1630 | D:3      | Reached skill level 1 in Dodging
  1931 | D:3      | Reached XP level 6. HP: 35/38 MP: 6/6
  1955 | D:3      | Found a radiant altar of Vehumet.
  2631 | D:4      | Reached skill level 5 in Shields
  2658 | D:4      | Reached XP level 7. HP: 36/44 MP: 7/7
  2693 | D:4      | Found a staircase to the Ecumenical Temple.
  2716 | D:4      | Noticed Robin
  2765 | D:4      | Killed Robin
  2879 | D:4      | Found a sparkling altar of Nemelex Xobeh.
  3236 | D:4      | Reached skill level 5 in Maces & Flails
  3333 | D:4      | Reached skill level 6 in Shields
  3591 | D:5      | Entered Level 5 of the Dungeon
  3629 | D:5      | Found a shattered altar of Ashenzari.
  3650 | D:5      | Reached skill level 5 in Fighting
  3650 | D:5      | Reached XP level 8. HP: 43/49 MP: 8/8
  3718 | Temple   | Entered the Ecumenical Temple
  4681 | D:5      | Reached skill level 5 in Armour
  5074 | D:6      | Found an iron altar of Okawaru.
  5094 | D:6      | Became a worshipper of Warmaster Okawaru
  5184 | D:6      | Found a white marble altar of Elyvilon.
  5187 | D:6      | Found a snail-covered altar of Cheibriados.
  5190 | D:6      | Found a hazy altar of Hepliaklqana.
  5219 | D:6      | Found Imugafu's Magic Scroll Shop.
  5378 | D:7      | Noticed Pikel
  5435 | D:7      | Killed Pikel
  5435 | D:7      | Reached skill level 7 in Shields
  5435 | D:7      | Reached XP level 9. HP: 55/55 MP: 9/9
  5584 | D:6      | Reached * piety under Okawaru
  5951 | D:7      | Noticed a two-headed ogre
  5988 | D:7      | Killed a two-headed ogre
  5988 | D:7      | Reached skill level 8 in Shields
  6248 | D:7      | Found a runed door.
  6252 | D:7      | Noticed Crazy Yiuf
  6257 | D:7      | Killed Crazy Yiuf
  6406 | D:7      | Noticed Dowan
  6408 | D:7      | Noticed Duvessa
  6427 | D:7      | Killed Duvessa
  6436 | D:7      | Killed Dowan
  6436 | D:7      | Reached ** piety under Okawaru
  6540 | D:7      | Reached XP level 10. HP: 63/63 MP: 10/10
  6859 | D:7      | Reached skill level 9 in Shields
  7175 | D:8      | Noticed Kaletam's ghost (novice DDFi)
  7367 | D:8      | Learned a level 3 spell: Regeneration
  7370 | D:8      | Learned a level 2 spell: Song of Slaying
  7428 | D:8      | Found an iron altar of Okawaru.
  7540 | D:8      | Found a basalt altar of Yredelemnul.
  7600 | D:8      | Found a blossoming altar of Fedhas.
  7694 | D:8      | Killed Kaletam's ghost
  7694 | D:8      | Reached *** piety under Okawaru
  8182 | D:9      | Found a staircase to the Orcish Mines.
  8329 | D:9      | Reached skill level 10 in Shields
  8470 | D:9      | Noticed a two-headed ogre
  8487 | D:9      | Killed a two-headed ogre
  8487 | D:9      | Reached **** piety under Okawaru
  8487 | D:9      | Reached XP level 11. HP: 63/69 MP: 11/11
  8555 | D:9      | Noticed a two-headed ogre
  8555 | D:9      | Found a glowing golden altar of the Shining One.
  8586 | D:9      | Killed a two-headed ogre
  8586 | D:9      | Reached skill level 10 in Maces & Flails
  9033 | Orc:1    | Entered Level 1 of the Orcish Mines
  9052 | D:10     | Entered Level 10 of the Dungeon
  9138 | D:10     | Noticed Gastronok
  9174 | D:10     | Killed Gastronok
  9174 | D:10     | Reached ***** piety under Okawaru
  9174 | D:10     | Received a gift from Okawaru
  9174 | D:10     | Reached skill level 11 in Shields
 10615 | D:11     | Noticed an eight-headed hydra
 10655 | D:11     | Found a flagged portal.
 10666 | Bailey   | Entered a bailey
 10744 | Bailey   | Noticed an orc knight
 10799 | Bailey   | Killed an orc knight
 10835 | Bailey   | Noticed an orc high priest
 10866 | Bailey   | Noticed a sixfirhy
 10920 | Bailey   | Noticed a sun demon
 10929 | Bailey   | HP: 2/72 [sun demon[a kobold demonologist] (18)]
 11004 | D:11     | Found a staircase to the Lair.
 11299 | D:10     | Killed an eight-headed hydra
 11299 | D:10     | Reached skill level 10 in Fighting
 11299 | D:10     | Reached XP level 12. HP: 54/77 MP: 12/12
 11422 | D:10     | Reached skill level 12 in Shields
 11628 | D:11     | Noticed a two-headed ogre
 11642 | D:11     | Killed a two-headed ogre
 11642 | D:11     | Reached ****** piety under Okawaru
 12013 | D:11     | Received a gift from Okawaru
 12394 | D:13     | Noticed a two-headed ogre
 12991 | D:11     | HP: 3/79 [something (6)]
 13558 | D:12     | Reached skill level 13 in Shields
 13676 | D:12     | Found a stormy altar of Qazlal.
 14219 | D:13     | Killed a two-headed ogre
 14252 | D:13     | Noticed a centaur warrior
 14281 | D:13     | Killed a centaur warrior
 14281 | D:13     | Reached XP level 13. HP: 84/84 MP: 13/13
 15147 | D:14     | Received a gift from Okawaru
 15239 | D:14     | Noticed a vault guard
 15263 | D:14     | Noticed a vault guard
 15269 | D:14     | Found Seorapu's Assorted Antiques.
 15497 | D:14     | Bought a runed ruby amulet for 170 gold pieces
 15585 | D:14     | Reached skill level 10 in Armour
 15629 | D:14     | Reached skill level 14 in Shields
 16202 | D:14     | Received a gift from Okawaru
 16398 | D:14     | Noticed a vault guard
 16444 | D:13     | Killed a vault guard
 16481 | D:14     | Noticed a vault guard
 16716 | D:14     | Killed a vault guard
 16835 | D:14     | Noticed a vault guard
 16859 | D:14     | Killed a vault guard
 16874 | D:14     | Found a gate to the Vaults.
 16905 | D:14     | Killed a vault guard
 16926 | D:14     | Killed a vault guard
 17048 | D:15     | Entered Level 15 of the Dungeon
 17112 | D:15     | Noticed a dire elephant
 17123 | D:15     | Gained mutation: Your large and strong wings let you fly indefinitely. [Gargoyle growth]
 17123 | D:15     | Reached XP level 14. HP: 37/92 MP: 14/14
 17200 | D:15     | Found a hazy altar of Hepliaklqana.
 17736 | D:15     | Received a gift from Okawaru
 17777 | D:15     | Identified a scroll of acquirement
 17786 | D:15     | Killed from afar by a meliai

Vault maps used:
D:1:      onia_arrival_zoo_common, minmay_misc_feat_columns
D:2:      minmay_close_crescents
D:3:      fiery_altar_vehumet, first_bread
D:4:      lemuel_coloured_pillars_altar, uniq_robin
D:5:      ashenzari_conservatory_becter
D:6:      grunt_temple_overflow_diamond, serial_shops, nicolae_shop_stone,
          okawaru_trees_2
D:7:      uniq_crazy_yiuf_cottage, uniq_pikel, uniq_duvessa
D:8:      overflow_temple_1_default, yredelemnul_altar_generic, grunt_ogre_cave,
          st_stairs_13, hangedman_abyss_or_decor_clamps, fedhas_altar_3
D:9:      overflow_temple_1_default, orc_0_dummy
D:10:     uniq_gastronok
D:11:     erik_lair_island, enter_bailey_2
D:12:     grunt_qazlal_clouds
D:14:     grunt_vaults_entry_fortified, serial_shops, shop, abandoned_shop,
          grunt_ministairs_8
D:15:     hangedman_depths_entry_try_elsewhere_first, hangedman_decor_slide_cut,
          basic_altar
Temple:   nicolae_temple_hex_pool
Orc:1:    special_room, basic_altar, portal_ice_cave_entry_imps, uniq_urug
Bailey:   bailey_axe_of_yendor_kennysheep, bailey

Skill      XL: |  1  2  3  4  5  6  7  8  9 10 11 12 13 |
---------------+----------------------------------------+-----
Shields        | 4 5 6 7 8 10 11 13 14 | 14.5
Fighting       | 4 5 6 7 8 10 11 12 | 12.5
Armour         | 4 5 6 8 9 10 | 10.9
Maces & Flails | 3 4 5 7 8 9 10 11 12 | 12.9
Dodging        | 1 2 3 |  3.2
Invocations    | |  0.2
Evocations     | |  0.1

Action                   |  1- 3 |  4- 6 |  7- 9 | 10-12 | 13-15 || total
-------------------------+-------+-------+-------+-------+-------++-------
Melee: Flail             |   126 |   293 |   311 |       |       ||   730
       Whip              |       |       |   210 |  1559 |   106 ||  1875
       Morningstar       |       |       |       |       |   397 ||   397
Throw: Javelin           |       |       |       |    10 |       ||    10
Invok: Heroism           |       |       |       |     3 |     2 ||     5
 Abil: Stop Flying       |       |       |       |     1 |       ||     1
Evoke: Wand              |       |       |     3 |     7 |     1 ||    11
       Phial of floods   |       |       |       |       |     1 ||     1
  Use: Potion            |       |     1 |     2 |    10 |     3 ||    16
       Scroll            |       |       |     7 |    11 |     6 ||    24
 Stab: Invisible         |       |       |     4 |       |       ||     4
       Paralysed         |       |       |       |     4 |       ||     4
       Petrified         |       |       |       |       |     1 ||     1
  Eat: Chunk             |       |     6 |    12 |    26 |    10 ||    54
       Fruit             |       |       |     2 |       |       ||     2
       Royal jelly       |       |       |       |     1 |     1 ||     2
Armor: Scale mail        |    98 |    14 |       |       |       ||   112
       Plate armour      |       |   192 |   309 |   804 |   326 ||  1631
       Skin              |       |       |       |    83 |       ||    83
Dodge: Dodged            |    52 |    60 |    82 |   350 |   162 ||   706
Block: Shield            |    81 |   153 |   301 |  1035 |   409 ||  1979
